 Dungeon Sprint DCSS version 0.28-a0-20-gdd470a43dd (webtiles) character file.

Game seed: 17885013766473038324

25 Dadi the Skirmisher (level 2, -14/30 HPs)
             Began as a Minotaur Fighter on July 26, 2021.
             Demolished by an ogre (16 damage)
             ... in the Dungeon (Sprint I: "Red Sonja").
             The game lasted 00:00:24 (227 turns).

Dadi the Skirmisher (Minotaur Fighter)               Turns: 227, Time: 00:00:24

Health: -14/30     AC:  6    Str: 20    XL:     2   Next: 82%
Magic:  1/1        EV:  7    Int:  5    God:
Gold:   0          SH:  9    Dex:  9    Spells: 1/1 levels left

rFire   . . .      SeeInvis .   a - +0 war axe
rCold   . . .      Faith    .   c - +0 kite shield
rNeg    . . .      Spirit   .   b - +0 scale mail
rPois   .          Reflect  .   (helmet restricted)
rElec   .          Harm     .   (no cloak)
rCorr   .          Rampage  .   (no gloves)
Will    .....      NoTele   +   (no boots)
Stlth   ..........              (no amulet)
HPRegen 0.10/turn               (no ring)
MPRegen 0.07/turn               (no ring)

@: no status effects
A: horns 2, retaliatory headbutt
a: no special abilities


You were in the Dungeon.
You visited 1 branch

Inventory:

Hand Weapons
 a - a +0 war axe (weapon)
Armour
 b - a +0 scale mail (worn)
 c - a +0 kite shield (worn)
Scrolls
 j - a scroll of blinking {!r}
Potions
 d - a potion of might
 e - a potion of curing
 f - a potion of heal wounds
 g - a potion of haste
 h - 2 potions of magic
 i - a potion of berserk rage


   Skills:
 + Level 6.1 Fighting
 + Level 5.4 Axes
 - Level 3.6 Armour
 - Level 3.6 Shields


You had one spell level left.
You didn't know any spells.
Your spell library was empty.

Dungeon Overview and Level Annotations

Branches:
Dungeon (1/1)

Altars:


Innate Abilities, Weirdness & Mutations

You have a pair of horns on your head.
You reflexively headbutt those who attack you in melee.


Message History

Options error: Bad object type '%}\|' for autopickup. (~/.crawlrc:3374) Welcome, Dadi the Minotaur Fighter.
Found a staircase leading out of the dungeon.
You open the door.
Ijyb the Twisted Goblin comes into view.
She is wielding a +0 dagger and wearing a +2 leather armour of cold resistance.
Ijyb shouts!
Ijyb hits you with a +0 dagger.
There is an open door here.
You take 1 damage, and have 18/19 hp.
You hit Ijyb but do no damage. Ijyb screams, "I dance on your bones!"
You block Ijyb's attack.
You hit Ijyb. You block Ijyb's attack. Ijyb closely misses you.
You closely miss Ijyb.
Ijyb drinks a potion.
Ijyb seems to grow stronger.
You hit Ijyb. You block Ijyb's attack. Ijyb hits you with a +0 dagger.
You take 5 damage, and have 13/19 hp.
MASSIVE DAMAGE!!
You slash Ijyb! Your headbutt misses Ijyb. You block Ijyb's attack.
Ijyb screams, "Me very upset!"
Ijyb hits you with a +0 dagger.
You take 4 damage, and have 9/19 hp.
MASSIVE DAMAGE!!
You hit Ijyb.
Ijyb grins evilly.
Ijyb hits you with a +0 dagger.
* * * LOW HITPOINT WARNING * * *
You take 4 damage, and have 5/19 hp.
MASSIVE DAMAGE!!
You slash Ijyb!
You kill Ijyb!
Your Fighting skill gained 3 levels and is now at level 6!
Your Axes skill gained 3 levels and is now at level 5!
You have reached level 2!
You regained 4 hp, and now have 9/19 hp.
MP restored: 1 You start resting.
Health restored: 30
Things that are here:
a +0 dagger; a +2 leather armour of cold resistance; the goblin skeleton of Ijyb You open the door.
An ogre comes into view. It is wielding a +0 giant club.
The ogre shouts!
The ogre hits you with a +0 giant club.
There is an open door here.
You take 5 damage, and have 25/30 hp.
You hit the ogre. The ogre barely misses you.
You barely miss the ogre.
The ogre hits you with a +0 giant club!!
Ouch! That really hurt!
* * * LOW HITPOINT WARNING * * *
You take 24 damage, and have 1/30 hp.
MASSIVE DAMAGE!!
You hit the ogre but do no damage. You block the ogre's attack.
You barely miss the ogre. The ogre hits you but does no damage.
You hit the ogre but do no damage. You block the ogre's attack.
You hit the ogre. The ogre barely misses you.
The ogre hits you with a +0 giant club!
Ouch! That really hurt!
You die...

##########
#<.#..@O.#
#..').#..+
#..#####+#
#..# #..#
#..# #⌠⌠#
####


You could see an ogre.

Vanquished Creatures
  Ijyb (D)
1 creature vanquished.

Notes
Turn   | Place    | Note
-------+----------+-------------------------------------------
     0 | D        | Dadi the Minotaur Fighter began the quest for the Orb.
     0 | D        | Reached XP level 1. HP: 19/19 MP: 0/0
     1 | D        | Noticed Ijyb
     9 | D        | Killed Ijyb
    10 | D        | Reached skill level 6 in Fighting
    10 | D        | Reached skill level 5 in Axes
    10 | D        | Reached XP level 2. HP: 9/30 MP: 1/1
   220 | D        | Noticed an ogre
   223 | D        | HP: 1/30 [ogre (24)]
   227 | D        | Demolished by an ogre

Illustrated notes

Levels and vault maps discovered:
D:        dungeon_sprint_1 [red_sonja_temple_1, red_sonja_temple_small_1]

Skill      XL: |  1 |
---------------+----+-----
Fighting       | 6 |  6.1
Axes           | 5 |  5.4
Armour         | |  3.6
Shields        | |  3.6

Action                   || total
-------------------------++-------
Melee: War axe           ||    13
Armor: Scale mail        ||     1
Dodge: Dodged            ||     3
Block: Kite shield       ||     6

Table legend: (Time is in decaauts)
 A = Elapsed time spent in this place.
 B = Non-inter-level travel time spent in this place.
 C = Inter-level travel time spent in this place.
 D = Time resting spent in this place.
 E = Time spent auto-exploring this place.
 F = Levels seen in this place.
 G = Mean time per level.
                   A        B        C        D        E       F      G
               +--------+--------+--------+--------+--------+-----+--------+
         Total |    233 |    233 |      0 |    208 |      3 |   1 |  233.0 |
       Dungeon |    233 |    233 |      0 |    208 |      3 |   1 |  233.0 |
               +--------+--------+--------+--------+--------+-----+--------+

Top non-repeatable levels by time:
       D: 233 daAuts

Table legend:
 A = Kills in this place as a percentage of kills in entire the game.
 B = Kills by you in this place as a percentage of kills by you in the entire game.
 C = Kills by friends in this place as a percentage of kills by friends in the entire game.
 D = Other kills in this place as a percentage of other kills in the entire game.
 E = Experience gained in this place as a percentage of experience gained in the entire game.
 F = Experience gained in this place divided by the number of levels of this place that you have seen.
                   A       B       C       D       E      F
               +-------+-------+-------+-------+-------+----------------------
         Total | 100.0 | 100.0 |   N/A |   N/A | 100.0 |  36.0
       Dungeon | 100.0 | 100.0 |   N/A |   N/A | 100.0 |  36.0
               +-------+-------+-------+-------+-------+----------------------
